 Dungeon Crawl Stone Soup version 0.20-a0-830-g2c9a30d (webtiles) character file.

14334 Eptagon the Unseen (level 11, -8/51 HPs)
             Began as a Spriggan Enchanter on Mar 7, 2017.
             Was an Initiate of Gozag.
             Mangled by a black mamba (17 damage)
             ... on level 3 of the Lair of Beasts.
             The game lasted 00:30:16 (11153 turns).

Eptagon the Unseen (Spriggan Enchanter)            Turns: 11153, Time: 00:30:16

Health: -8/51      AC:  3    Str:  4    XL:     11   Next: 87%
Magic:  9/26       EV: 20    Int: 16    God:    Gozag
Gold:   760        SH:  8    Dex: 21    Spells: 18/30 levels left

rFire    + . .     SeeInvis +   a - +2 short sword (venom)
rCold    + . .     Gourm    .   F - +0 robe
rNeg     . . .     Faith    .   M - +1 buckler {rC+ rF+}
rPois    +         Spirit   .   (helmet restricted)
rElec    .         Reflect  .   K - +0 cloak
rCorr    .         Harm     .   (gloves unavailable)
MR       +....                  (boots unavailable)
Stlth    +++++++...             G - amulet of rage
Regen    0.2/turn               C - ring of poison resistance
MPRegen  0.2/turn               n - +1 ring of evasion

@: lethally poisoned (-8 -> -25), very quick
A: unfitting armour, hooves 1, see invisible, herbivore 3, speed 3, robust 1,
slow metabolism 2
a: Potion Petition, Call Merchant, Bribe Branch, Renounce Religion, Evoke
Berserk Rage


You were on level 3 of the Lair of Beasts.
You worshipped Gozag.
Gozag was pleased with you.
You were not hungry.

You visited 3 branches of the dungeon, and saw 12 of its levels.

You collected 1436 gold pieces.
You paid 676 gold pieces to Gozag.

Inventory:

Hand Weapons
 a - a +2 short sword of venom (weapon)
 b - a +1 dagger of venom
Armour
 F - a +0 robe (worn)
 K - a +0 cloak (worn)
 M - a +1 buckler of resistance (worn)
Jewellery
 n - a +1 ring of evasion (left hand)
 o - a +3 amulet of reflection
 C - a ring of poison resistance (right hand)
 G - an amulet of rage (around neck)
Scrolls
 f - 3 scrolls of enchant weapon {unknown}
 h - 2 scrolls of teleportation {unknown}
 k - a scroll of noise {unknown}
 m - 10 scrolls of identify {unknown}
 p - 9 scrolls of remove curse {unknown}
 q - a scroll of random uselessness {unknown}
 r - 3 scrolls of amnesia {unknown}
 s - 2 scrolls of immolation {unknown}
 v - 4 scrolls of fear {unknown}
 x - 2 scrolls of recharging {unknown}
 y - a scroll of enchant armour {unknown}
 E - a scroll of fog {unknown}
 I - a scroll of magic mapping {unknown}
 L - a scroll of acquirement {unknown}
 N - a scroll of blinking {unknown}
Potions
 e - a potion of cancellation {unknown}
 g - 3 potions of brilliance {unknown}
 i - 3 potions of heal wounds {unknown}
 j - 3 potions of degeneration {unknown}
 l - 3 potions of mutation
 u - a potion of resistance {unknown}
 w - a potion of ambrosia {unknown}
 z - 2 potions of lignification {unknown}
 A - a potion of agility {unknown}
 B - 3 potions of flight {unknown}
 D - 2 potions of might {unknown}
Books
 c - a book of Necromancy

   Spells                             Type                      Level
   a - Pain                           Necromancy                   1
   b - Animate Skeleton               Necromancy                   1
   c - Vampiric Draining              Necromancy                   3
   d - Regeneration                   Charms/Necromancy            3
   e - Animate Dead                   Necromancy                   4
   f - Control Undead                 Necromancy                   4
 J - a book of Minor Magic

   Spells                             Type                      Level
   a - Magic Dart                     Conjuration                  1
   b - Blink                          Translocation                2
   c - Call Imp                       Summoning                    2
   d - Slow                           Hexes                        2
   e - Conjure Flame                  Conjuration/Fire             3
   f - Mephitic Cloud                 Conjuration/Poison/Air       3
Comestibles
 d - 4 bread rations
 t - 6 fruits
 H - 6 royal jellies


   Skills:
 + Level 7.1 Short Blades
 - Level 4.0 Dodging
 + Level 16.7 Stealth
 + Level 3.0 Shields
 - Level 10.0 Spellcasting
 + Level 13.3 Hexes


You had 18 spell levels left.
You knew the following spells:

 Your Spells              Type           Power        Failure   Level  Hunger
b - Ensorcelled Hibernat  Hex/Ice        ####..       1%          2    None
c - Confuse               Hex            ######..     1%          3    None
d - Tukima's Dance        Hex            ######..     1%          3    None
s - Dazzling Spray        Conj/Hex       ####..       2%          3    None
z - Corona                Hex            ######.      1%          1    None


Dungeon Overview and Level Annotations

Branches:
Dungeon (8/15)             Temple (1/1) D:6            Lair (3/6) D:8
  Swamp (0/4) Lair:2       Spider (0/4) Lair:2

Altars:
Ashenzari
Cheibriados
Dithmenos
Fedhas
Gozag
Hepliaklqana
Kikubaaqudgha
Makhleb
Nemelex Xobeh
Qazlal
Ru
Sif Muna
Trog
Uskayaw
Vehumet
Wu Jian
Xom
Yredelemnul
Zin

Shops:
Lair:2 [


Innate Abilities, Weirdness & Mutations

You are very small and have problems with some larger weapons.
You are too small for most types of armour.
You have supernaturally acute eyesight. (SInv)
You are a herbivore.
You cover ground extremely quickly.
You need consume almost no food.
You have large cloven feet.
You are robust. (+10% HP)


Message History

The black mamba closely misses you. The black mamba bites you.
You are poisoned.
The black mamba poisons you!
It was a potion of mutation.
You feel extremely strange.
You feel stronger.
You feel weaker.
You feel robust.
Your feet thicken and deform.
You feel sick. You block the black mamba's attack. x2
Okay, then.
Okay, then.
Casting: Ensorcelled Hibernation
Confirm with . or Enter, or press ? or * to list all spells.
Aiming: Ensorcelled Hibernation
Press: ? - help, Shift-Dir - straight line, f/p - black mamba
Aim: a black mamba (chance to defeat MR: 58%)
The black mamba resists with significant effort.
You feel sick. The black mamba bites you!
* * * LOW HITPOINT WARNING * * *
The black mamba bites you!
You die...
Your body crumbles into a pile of gold.

.####.....#......# P.
....#.#........># ..
##.....#P....P#.# ##.
#..#.........## ..
#.......##...# ..
#...##..#.#..# ##.
##.#.#P.#.....#### #.$
#....P........##P## ###.
........@.........####.#.
...P...S####.....$.....$.
.........$.$..#PP#.#..###
#..###.#(.#.#######[###
#.. ######## ###


You could see a black mamba.

Vanquished Creatures
  2 hydras (Lair:1)
  A black mamba (Lair:3)
  A spiny frog (Lair:1)
  3 elephants (Lair:2)
  A komodo dragon (Lair:1)
  A queen bee (D:8)
  7 blink frogs (Lair:2)
  A hornet (D:7)
  3 hippogriffs
  Grinder (D:5)
  The ghost of lolicon the Twirler, an amateur OpGl (D:4)
  15 yaks
  A wyvern (Lair:2)
  A basilisk (D:8)
  Grum (Lair:1)
  A steam dragon (Lair:2)
  7 water moccasins
  2 orc warriors (D:8)
  3 ice beasts
  6 porcupines
  A sky beast (D:8)
  8 wolves
  2 centaurs (D:5)
  2 ogres
  6 crocodiles
  5 bullfrogs
  3 scorpions
  23 killer bees (D:8)
  3 wights (D:8)
  3 howler monkeys
  A centaur zombie (D:6)
  3 crimson imps
  A bullfrog zombie (D:5)
  4 hounds
  2 orc priests
  3 bullfrog skeletons
  2 orc wizards
  6 worker ants
  6 gnolls
  4 adders
  2 shadow imps
  2 oozes
  6 worms
  A dart slug (D:3)
  4 leopard geckos
  23 orcs
  4 giant cockroaches
  8 goblins
  5 hobgoblins
  8 jackals
  3 quokkas
  5 bats
  5 frilled lizards
  A jackal skeleton (D:6)
  10 kobolds
  2 quokka skeletons (D:7)
  6 rats
242 creatures vanquished.

Vanquished Creatures (collateral kills)
  An ogre (D:4)
  A gnoll (D:5)
2 creatures vanquished.

Vanquished Creatures (others)
  A dancing weapon (D:4)
  5 fungi (Lair:2)
  A plant (Lair:2)
7 creatures vanquished.

Grand Total: 251 creatures vanquished

Notes
Turn   | Place    | Note
-------+----------+-------------------------------------------
     0 | D:1      | Eptagon the Spriggan Enchanter began the quest for the Orb.
     0 | D:1      | Reached XP level 1. HP: 9/9 MP: 5/5
   441 | D:1      | Reached XP level 2. HP: 13/13 MP: 6/6
   445 | D:1      | Learned a level 2 spell: Ensorcelled Hibernation
  1197 | D:2      | Reached XP level 3. HP: 14/16 MP: 6/8
  1365 | D:2      | Reached skill level 5 in Stealth
  1730 | D:3      | Found a shadowy altar of Dithmenos.
  1948 | D:3      | Learned a level 3 spell: Confuse
  2144 | D:3      | Reached XP level 4. HP: 21/21 MP: 9/9
  2205 | D:3      | Found a hazy altar of Hepliaklqana.
  2527 | D:4      | Noticed lolicon's ghost (amateur OpGl)
  2551 | D:4      | Killed lolicon's ghost
  2551 | D:4      | Reached skill level 6 in Stealth
  2551 | D:4      | Reached skill level 5 in Hexes
  2551 | D:4      | Reached XP level 5. HP: 20/24 MP: 1/12
  2556 | D:4      | Learned a level 3 spell: Tukima's Dance
  2560 | D:4      | Learned a level 3 spell: Dazzling Spray
  2704 | D:4      | Reached XP level 6. HP: 25/28 MP: 13/13
  2706 | D:4      | Reached skill level 7 in Stealth
  2806 | D:4      | Reached skill level 5 in Spellcasting
  3137 | D:4      | Found a snail-covered altar of Cheibriados.
  3138 | D:4      | Found a deep blue altar of Sif Muna.
  3219 | D:5      | Entered Level 5 of the Dungeon
  3290 | D:5      | Reached skill level 8 in Stealth
  3290 | D:5      | Reached XP level 7. HP: 20/32 MP: 11/16
  3904 | D:5      | Noticed Grinder
  3906 | D:5      | Killed Grinder
  3953 | D:5      | Reached skill level 9 in Stealth
  3953 | D:5      | Reached XP level 8. HP: 36/36 MP: 15/19
  4009 | D:5      | Found an ancient bone altar of Kikubaaqudgha.
  4350 | D:6      | HP: 1/36 [ice beast (14)]
  4951 | D:6      | Reached skill level 10 in Stealth
  5239 | D:6      | Found a staircase to the Ecumenical Temple.
  5245 | Temple   | Entered the Ecumenical Temple
  5533 | D:7      | Found a sacrificial altar of Ru.
  5602 | D:7      | You fall through a shaft!
  5856 | D:8      | Reached skill level 11 in Stealth
  6106 | D:8      | Found a burning altar of Makhleb.
  6199 | D:8      | Noticed a hippogriff
  6503 | D:7      | Reached XP level 9. HP: 33/39 MP: 22/22
  6918 | D:8      | Reached skill level 12 in Stealth
  7049 | D:8      | Noticed a queen bee
  7114 | D:8      | Killed a queen bee
  7114 | D:8      | Reached skill level 10 in Hexes
  7180 | D:8      | Reached skill level 10 in Spellcasting
  7208 | D:8      | Reached skill level 13 in Stealth
  7289 | D:8      | Found a staircase to the Lair.
  7292 | D:8      | Reached XP level 10. HP: 35/44 MP: 17/25
  7737 | D:8      | Found a shimmering altar of Xom.
  7778 | D:8      | Found a glowing silver altar of Zin.
  7779 | D:8      | Found an opulent altar of Gozag.
  7792 | D:8      | Became a worshipper of Gozag Ym Sagoz the Greedy
  8130 | Lair:1   | Entered Level 1 of the Lair of Beasts
  8180 | Lair:1   | Noticed a four-headed hydra
  8263 | Lair:1   | Killed a four-headed hydra
  8263 | Lair:1   | Reached skill level 14 in Stealth
  8440 | Lair:1   | Noticed Grum
  8467 | Lair:1   | Killed Grum
  8590 | Lair:1   | Noticed a six-headed hydra
  8616 | Lair:1   | Killed a six-headed hydra
  8616 | Lair:1   | Reached skill level 15 in Stealth
  8980 | Lair:1   | Noticed a spiny frog
  8985 | Lair:1   | Killed a spiny frog
  8985 | Lair:1   | Reached XP level 11. HP: 47/47 MP: 23/26
  9261 | Lair:1   | Reached skill level 5 in Short Blades
  9779 | Lair:2   | Reached skill level 1 in Shields
  9780 | Lair:2   | Found a hole to the Spider Nest.
  9908 | Lair:2   | Reached skill level 16 in Stealth
 10266 | Lair:2   | Found a staircase to the Swamp.
 11152 | Lair:3   | Gained mutation: Your muscles are strong. (Str +2) [potion of mutation]
 11152 | Lair:3   | Lost mutation: Your muscles are strong. (Str +2) [potion of mutation]
 11152 | Lair:3   | Gained mutation: You are robust. (+10% HP) [potion of mutation]
 11152 | Lair:3   | Gained mutation: You have large cloven feet. [potion of mutation]
 11153 | Lair:3   | Mangled by a black mamba

Vault maps used:
D:1:      minmay_arrival_wavy_path, minmay_misc_feat_room
D:3:      marbit_many_paths, nicolae_dithmenos_shadow_blocks,
          serial_corexii_hall, corexii_hall_statues_i, corexii_hall_statues_x,
          corexii_hall_statues_l, corexii_hall_statues_i, first_bread
D:4:      grunt_temple_overflow_open
D:5:      kennysheep_little_box, uniq_grinder
D:6:      minmay_temple_entry_fiery
D:7:      nicolae_ru_great_annihilating_truth
D:8:      grunt_temple_overflow_gold_and_silver, lemuel_crystal_altar,
          kennysheep_mini, david_lair_generic, david_nohive_1
Temple:   jpeg_temple_island
Lair:1:   uniq_grum
Lair:2:   swamp_mist_pool, nicolae_spider_entry_non_spiders, grunt_megastairs_5,
          infiniplex_staircase_pool_2
Lair:3:   serial_bayou_shore_a

Skill      XL: |  1  2  3  4  5  6  7  8  9 10 11 |
---------------+----------------------------------+-----
Short Blades   | 2 4 7 |  7.1
Hexes          | 4 5 6 7 8 10 12 13 | 13.3
Stealth        | 5 6 8 9 11 13 15 16 | 16.7
Spellcasting   | 3 4 5 6 8 10 | 10.0
Dodging        | 4 |  4.0
Shields        | 3 |  3.0

Action                   |  1- 3 |  4- 6 |  7- 9 | 10-12 || total
-------------------------+-------+-------+-------+-------++-------
Melee: Dagger            |    32 |       |       |       ||    32
       Short sword       |    62 |    66 |   231 |   147 ||   506
 Cast: Corona            |     1 |       |       |       ||     1
       Ensorcelled Hiber |     9 |       |    50 |   124 ||   183
       Confuse           |       |     6 |    16 |    17 ||    39
       Tukima's Dance    |       |     5 |     1 |       ||     6
       Dazzling Spray    |       |       |    10 |     7 ||    17
Invok: Call Merchant     |       |       |       |     1 ||     1
  Use: Potion            |       |       |       |     1 ||     1
 Stab: Sleeping          |    12 |     5 |    42 |    64 ||   123
       Distracted        |     1 |       |     2 |     4 ||     7
       Confused          |       |     5 |    13 |    11 ||    29
       Invisible         |       |       |     1 |       ||     1
  Eat: Royal jelly       |       |     1 |     1 |     2 ||     4
       Fruit             |       |       |     1 |     1 ||     2
Armor: Robe              |     2 |     3 |     9 |     4 ||    18
Dodge: Dodged            |    66 |    40 |   149 |   119 ||   374
Block: Other             |       |       |     1 |       ||     1
       Buckler           |       |       |       |    16 ||    16
